cohdb
Replays
Latest Replays
All Replays
Popular Replays
Top Player Replays
Match Explorer
How It Works
Community
CoH3 Stats
Reddit
Sign in to upload your games and track your stats! →
Sign in with Steam
Match 20658142
Unlisted
Match 20658142
Overview
Messages
Build Orders
End
Kradschützen Motorcycle Team
Kradschützen Motorcycle Team
Panzergrenadier Squad
Construct Light Support Kompanie
Assault Grenadier Squad
Assault Grenadier Squad
Construct Mechanized Kompanie
Panzerjäger Mechanized Group
Marder III Tank Destroyer
Marder III Tank Destroyer
Veteran Squad Leaders
Support Armor Elements
StuG III D Assault Gun
Selects Armored Support Battlegroup
Selects Veteran Gunners
Selects Flammpanzer III Medium Tank Sd.Kfz. 141
Selects Command Panzer IV F Medium Tank
Assault Mechanized Group
Selects Salvage Kits
Selects Panzer Storm
DirtyDan
Skadi
0
0
Comments
sign in to comment!
No comments posted yet!